 Dungeon Crawl Stone Soup version 0.20-a0-71-g11d6418 (webtiles) character file.

125 KristoblXynda the Chucker (level 5, -1/50 HPs)
             Began as an Ogre Hunter on Nov 18, 2016.
             Slain by an adder (3 damage)
             ... on level 2 of the Dungeon.
             The game lasted 00:05:24 (2306 turns).

KristoblXynda the Chucker (Ogre Hunter)             Turns: 2306, Time: 00:05:25

Health: -1/50      AC:  4    Str: 18    XL:     5   Next: 9%
Magic:  5/5        EV: 16    Int: 10    God:
Gold:   101        SH:  0    Dex: 15    Spells: 0 memorised, 4 levels left

rFire  + . .     SeeInvis .     g - +0 club
rCold  + . .     Gourm    .     b - +0 robe
rNeg   + . .     Faith    .     (no shield)
rPois  +         Spirit   .     (helmet restricted)
rElec  +         Reflect  .     s - +0 cloak
rCorr  +         Harm     .     (gloves unavailable)
MR     .....                    (boots unavailable)
Stlth  +++.......               (no amulet)
                                (no ring)
                                n - ring of positive energy

@: agile, lethally poisoned (-1 -> -1), resistant
A: unfitting armour, tough skin 1, evolution 1
a: no special abilities


You were on level 2 of the Dungeon.
You were hungry.

You visited 1 branch of the dungeon, and saw 3 of its levels.

You collected 101 gold pieces.

Inventory:

Hand Weapons
 g - a +0 club (weapon)
Armour
 b - a +0 robe (worn)
 s - a +0 cloak (worn)
Jewellery
 n - a ring of positive energy (left hand)
Scrolls
 a - a scroll of fog {unknown}
 i - 2 scrolls of identify {unknown}
 l - 2 scrolls of remove curse {unknown}
 m - a scroll of enchant weapon {unknown}
 o - a scroll of teleportation {unknown}
 q - a scroll of random uselessness {unknown}
 r - a scroll of immolation {unknown}
Comestibles
 f - a bread ration
 h - a beef jerky


   Skills:
 - Level 2.6 Fighting
 + Level 3.1 Maces & Flails
 + Level 4.7 Throwing
 + Level 3.1 Dodging
 - Level 0.6 Stealth


You had 4 spell levels left.
You didn't know any spells.

Dungeon Overview and Level Annotations

Branches:
Dungeon (3/15)

Altars:
Hepliaklqana
Kikubaaqudgha
Uskayaw
The Shining One


Innate Abilities, Weirdness & Mutations

You are too large for most types of armour.
You have tough skin. (AC +1)
You evolve.


Message History

You feel sick.
Sorry, you're not good enough to have a special ability.
Unknown command.
The adder bites you but does no damage.
There is a stone staircase leading up here.
You hit the adder.
The adder is severely wounded.
The adder barely misses you.
You feel sick. The adder closely misses you.
The adder bites you but does no damage.
You climb upwards.
There is a stone staircase leading down here.
You hit the adder but do no damage.
The adder is severely wounded.
The adder bites you.
* * * LOW HITPOINT WARNING * * *
You miss the adder.
The adder is severely wounded.
You feel sick. The adder bites you.
You die...

##.#.......#..###...#
## #.#.......#..##....#
#. #.##.....##........#
#.
#.####.####.#......###.
#...........+.........+
#####....##...........#
##..######.......##
#S## ##.....## #@#
##...## #.# ##'## #.#
#.# #.# ###.##### #.#
#........ #.# #....###.
#.# ####.....##. #.#
#........##.
......#.#....


You could see an adder.

Vanquished Creatures
  Terence (D:2)
  2 gnolls (D:2)
  2 adders (D:2)
  A worm (D:2)
  4 dart slugs
  3 leopard geckos
  7 bats
  2 giant cockroaches (D:2)
  8 goblins
  5 hobgoblins
  3 kobolds
  A quokka (D:2)
  A ball python (D:1)
  2 frilled lizards
  9 rats
51 creatures vanquished.

Notes
Turn   | Place    | Note
-------+----------+-------------------------------------------
     0 | D:1      | KristoblXynda the Ogre Hunter began the quest for the Orb.
     0 | D:1      | Reached XP level 1. HP: 22/22 MP: 1/1
   145 | D:1      | Reached XP level 2. HP: 9/29 MP: 2/2
   401 | D:1      | Reached skill level 1 in Maces & Flails
   714 | D:1      | Reached XP level 3. HP: 16/36 MP: 3/3
  1161 | D:2      | Found a hide-covered altar of Uskayaw.
  1164 | D:2      | Noticed a dagger
  1164 | D:2      | Noticed an enchanted hand axe
  1228 | D:2      | Found an ancient bone altar of Kikubaaqudgha.
  1243 | D:2      | HP: 1/36 [worm (9)]
  1543 | D:2      | Noticed Terence
  1550 | D:2      | Killed Terence
  1550 | D:2      | Reached XP level 4. HP: 25/44 MP: 4/4
  1941 | D:2      | Found a glowing golden altar of the Shining One.
  2139 | D:2      | Found a hazy altar of Hepliaklqana.
  2271 | D:2      | Reached XP level 5. HP: 37/50 MP: 5/5
  2298 | D:3      | Gained mutation: You evolve. [potion of beneficial mutation]
  2306 | D:2      | HP: 2/50 [poisoned by an adder]
  2306 | D:2      | Slain by an adder

Vault maps used:
D:1:      minmay_arrival_four_houses, hangedman_decor_clover_reticule
D:2:      dancing_weapons_uskayaw, nicolae_tso_carved_into_rock,
          lemuel_round_altar, old_standard_altar, minmay_pentomino_w2,
          uniq_terence
D:3:      gammafunk_temple_overflow_elements, first_bread, minmay_ogre_servants

Skill      XL: |  1  2  3  4 |
---------------+-------------+-----
Dodging        | 2 3 |  3.1
Maces & Flails | 1 2 3 |  3.1
Fighting       | |  2.6
Throwing       | |  4.7
Stealth        | |  0.6

Action                   |  1- 3 |  4- 6 || total
-------------------------+-------+-------++-------
Melee: Club              |   108 |   112 ||   220
       Short sword       |    10 |       ||    10
Throw: Large rock        |     5 |    10 ||    15
       Throwing net      |       |     2 ||     2
  Use: Potion            |       |     5 ||     5
 Stab: Sleeping          |     2 |     1 ||     3
       Held in net/web   |       |     1 ||     1
  Eat: Chunk             |     1 |     3 ||     4
Armor: Robe              |    32 |    49 ||    81
Dodge: Dodged            |    76 |   105 ||   181
